 Dungeon Crawl Stone Soup version 0.17-a0-1-g1f4be75 (console) character file.

207 mauris the Stinger (level 5, -2/31 HPs)
             Began as an Octopode Venom Mage on Mar 5, 2015.
             Slain by Gronka's ghost (11 damage)
             ... on level 3 of the Dungeon.
             The game lasted 00:10:58 (5146 turns).

mauris the Stinger (Octopode Venom Mage)            Turns: 5146, Time: 00:10:59

Health: -2/31      AC:  1    Str: 14    XL:     5   Next: 85%
Magic:  9/9        EV: 12    Int: 18    God:
Gold:   222        SH:  0    Dex: 12    Spells: 3 memorised, 2 levels left

rFire  . . .     SeeInvis .     f - +5 mace {drain, Noisy +Blink rC- rN+ Str+6}
rCold  x . .     Clarity  .     (no shield)
rNeg   + . .     SustAb   .     (helmet restricted)
rPois  .         Gourm    .     (no amulet)
rElec  .         Spirit   .     (no ring)
rCorr  .         Warding  .     (no ring)
rMut   .         Stasis   .     (no ring)
MR     .....                    (no ring)
Stlth  +++.......               (no ring)
                                (no ring)
                                (no ring)
                                (no ring)

@: not resistant to hostile enchantments, fairly stealthy
A: almost no armour, amphibious, 8 rings, constrict 8, camouflage 1, gelatinous
body 1
a: Evoke Blink


You were on level 3 of the Dungeon.
You were very hungry.

You visited 2 branches of the dungeon, and saw 5 of its levels.

You collected 222 gold pieces.

Inventory:

Hand weapons
 a - a +1 rapier of holy wrath
 b - a +1 blowgun {@w1}
 f - the +5 mace "Inyomong" (weapon) {drain, Noisy +Blink rC- rN+ Str+6}
   (You found it on level 4 of the Dungeon)

   A truly terrible weapon, it drains the life of those it strikes.
   It affects your strength (+6).
   It makes you vulnerable to cold.
   It protects you from negative energy.
   It lets you blink.
   It may make noises in combat.
Missiles
 w - 46 poisoned needles
Jewellery
 u - an uncursed amulet of the gourmand {unknown}
 z - an uncursed ring of protection from cold {unknown}
Scrolls
 e - a scroll of recharging {unknown}
 h - a scroll of teleportation {@r4}
 j - a scroll of magic mapping {unknown}
 m - a scroll of enchant weapon
 n - a scroll of fog {unknown}
 q - 4 scrolls of enchant armour
 t - a scroll of amnesia {unknown}
 x - a scroll of immolation {unknown}
 y - a scroll of remove curse {unknown}
Potions
 k - a potion of restore abilities {unknown}
 l - a potion of heal wounds {unknown}
 o - 2 potions of agility {unknown}
 p - a potion of might {unknown}
 s - a potion of lignification {unknown}
 A - a potion of cancellation {unknown}
 B - a potion of poison {unknown}
Books
 v - a Young Poisoner's Handbook

   Spells                             Type                      Level
   a - Sting                          Conjuration/Poison           1
   b - Cure Poison                    Poison                       2
   c - Mephitic Cloud                 Conjuration/Poison/Air       3
   d - Olgreb's Toxic Radiance        Poison                       4
   e - Venom Bolt                     Conjuration/Poison           5
Comestibles
 c - 5 bread rations
 d - 4 meat rations
 g - 5 fruits
 r - 4 slices of pizza


   Skills:
 - Level 1.7 Short Blades
 + Level 2.8 Maces & Flails
 - Level 2.0 Dodging
 - Level 2.8 Stealth
 - Level 2.0 Spellcasting
 - Level 1.9 Conjurations
 - Level 1.2 Air Magic
 - Level 6.0 Poison Magic


You had 2 spell levels left.
You knew the following spells:

 Your Spells              Type           Power        Failure   Level  Hunger
a - Sting                 Conj/Pois      ###.         4%          1    #......
b - Cure Poison           Pois           ###.......   1%          2    ###....
m - Mephitic Cloud        Conj/Pois/Air  ##......     17%         3    ###....


Dungeon Overview and Level Annotations

Branches:
Dungeon (4/15)             Temple (1/1) D:4

Altars:
Ashenzari
Cheibriados
Dithmenos
Elyvilon
Gozag
Kikubaaqudgha
Nemelex Xobeh
Okawaru
Qazlal
Ru
Trog
Vehumet
Xom
Yredelemnul
Zin
The Shining One

Annotations:
D:3 Gronka's ghost, average HuFi


Innate Abilities, Weirdness & Mutations

You cannot wear most types of armour.
You are amphibious.
You can wear up to eight rings at the same time.
You can use your tentacles to constrict many enemies at once.
Your skin changes colour to match your surroundings (Stealth).
Your rubbery body absorbs attacks (AC +1).


Message History

Gronka's ghost is moderately damaged.
Gronka's ghost closely misses you.
You closely miss Gronka's ghost.
Gronka's ghost is moderately damaged.
Gronka's ghost hits you.
Damage: -13%(-4hp) hp: 65%(20hp)
You hit Gronka's ghost. Your squeeze misses Gronka's ghost.
Gronka's ghost is moderately damaged.
Gronka's ghost hits you. x2
Huge Dmg: -32%(-10hp) hp: 33%(10hp) Drink which item? (? for menu, Esc to quit)
You feel better. Gronka's ghost hits you!
Damage: -7%(-2hp) hp: 26%(8hp)
You thump Gronka's ghost!
Gronka's ghost is heavily damaged.
Gronka's ghost closely misses you.
You hit Gronka's ghost but do no damage.
Gronka's ghost is heavily damaged.
Gronka's ghost hits you!
You die...

...#####.##.#.##.......####.#.#..
...'..........................>..
...###.#.##.#.##.##..#.####.#.###
...# #.#.##.#.#......#.# #......
#### #.#.##.#.#####..#.# ###.###
# #.#.###########.#.### #.##. #
#....#...##.........####.##. #
#.#..#._..######..........#. #
#.####....#@......######..#. #
#....#....W..###..# #..#. #
#..###....##.###..# #..#.
######..# #._..#....#..# ###..#.
....##..###...###.###..# #....#.
..........#####...###..####.#..#.
....##..###.#...#..##..........#.
######..###.#...<..............##
#.....#.#####...##.####.#...#


You could see Gronka's ghost.

Vanquished Creatures
  A scorpion (D:4)
  A centaur skeleton (D:4)
  A hound skeleton (D:4)
  3 adders
  A giant mite (D:3)
  2 worms
  3 giant geckos
  2 orcs
  4 giant cockroaches
  12 hobgoblins
  3 jackals (D:1)
  2 ball pythons
  14 bats
  2 giant newts
  5 goblins
  8 kobolds
  13 rats
77 creatures vanquished.

Notes
Turn   | Place    | Note
--------------------------------------------------------------
     0 | D:1      | mauris, the Octopode Venom Mage, began the quest for the Orb.
     0 | D:1      | Reached XP level 1. HP: 11/11 MP: 3/3
   299 | D:1      | Reached skill level 5 in Poison Magic
   386 | D:1      | Huge Dmg: 3 Dmg
   551 | D:1      | Huge Dmg: 3 Dmg
   553 | D:1      | Reached XP level 2. HP: 10/17 MP: 0/4
   727 | D:1      | Huge Dmg: 4 Dmg
   764 | D:1      | Huge Dmg: 3 Dmg
  1122 | D:1      | Reached XP level 3. HP: 21/21 MP: 0/6
  1338 | D:1      | Reached skill level 6 in Poison Magic
  1374 | D:1      | Learned a level 2 spell: Cure Poison
  1378 | D:1      | Learned a level 3 spell: Mephitic Cloud
  2305 | D:2      | Reached skill level 1 in Conjurations
  2822 | D:2      | Reached XP level 4. HP: 24/27 MP: 1/7
  2828 | D:2      | Huge Dmg: 5 Dmg
  2828 | D:2      | Reached skill level 1 in Air Magic
  3243 | D:3      | Noticed Gronka's ghost (average HuFi)
  3600 | D:3      | Found a glowing silver altar of Zin.
  3601 | D:3      | Found an opulent altar of Gozag.
  3742 | D:3      | Reached skill level 1 in Short Blades
  3799 | D:3      | Huge Dmg: 5 Dmg
  3807 | D:3      | Huge Dmg: 4 Dmg
  4138 | D:4      | Got a bone mace
  4139 | D:4      | Identified the +5 mace "Inyomong" {drain, Noisy +Blink rC- rN+ Str+6} (You found it on level 4 of the Dungeon)
  4159 | D:4      | Reached skill level 1 in Maces & Flails
  4159 | D:4      | Reached XP level 5. HP: 26/31 MP: 9/9
  4345 | D:4      | Found a staircase to the Ecumenical Temple.
  4884 | Temple   | Entered the Ecumenical Temple
  5129 | D:3      | Huge Dmg: 8 Dmg
  5136 | D:3      | Huge Dmg: 8 Dmg
  5138 | D:3      | Huge Dmg: 5 Dmg
  5144 | D:3      | Huge Dmg: 10 Dmg
  5146 | D:3      | Slain by Gronka's ghost

Action                   |  1- 3 |  4- 6 || total
-------------------------+-------+-------++-------
Melee: Unarmed           |    66 |     6 ||    72
       Rapier            |       |    27 ||    27
       Mace              |       |    29 ||    29
 Cast: Sting             |    62 |    18 ||    80
       Cure Poison       |       |     2 ||     2
  Use: Scroll            |       |     5 ||     5
       Potion            |       |     4 ||     4
 Stab: Sleeping          |     5 |     6 ||    11
  Eat: Chunk             |     7 |     6 ||    13

Vault maps used:
D:1:      matt_arrival_spirals
D:3:      grunt_temple_overflow_gold_and_silver
D:4:      temple_doors_e, first_bread
Temple:   water_room_temple_a_12
